 Dungeon Crawl Stone Soup version 0.19.0-22-gd96e5fe (webtiles) character file.

65 Monsterracer the Ruffian (level 3, -10/36 HPs)
             Began as a Troll Monk on Nov 18, 2016.
             Killed by divine providence
             ... invoked by an orc priest
              (15 damage)
             ... on level 3 of the Dungeon.
             The game lasted 00:03:44 (1554 turns).

Monsterracer the Ruffian (Troll Monk)               Turns: 1554, Time: 00:03:46

Health: -10/36     AC:  5    Str: 19 (20) XL:     3   Next: 94%
Magic:  2/2        EV: 10    Int:  5 (6)  God:
Gold:   106        SH:  0    Dex: 12      Spells: 0 memorised, 2 levels left

rFire  . . .     SeeInvis .       - Unarmed
rCold  . . .     Gourm    +     a - +0 robe
rNeg   . . .     Faith    .     (no shield)
rPois  .         Spirit   .     (helmet restricted)
rElec  .         Reflect  .     (no cloak)
rCorr  .         Harm     .     (gloves unavailable)
MR     .....                    (boots unavailable)
Stlth  ++........               (no amulet)
                                (no ring)
                                (no ring)

@: no status effects
A: unfitting armour, claws 3, fast metabolism 3, gourmand, regeneration 1,
shaggy fur 1, tough skin 2
a: no special abilities


You were on level 3 of the Dungeon.
You were full.

You visited 1 branch of the dungeon, and saw 3 of its levels.

You collected 106 gold pieces.

Inventory:

Missiles
 e - 81 stones (quivered)
Armour
 a - a +0 robe (worn)
Scrolls
 d - 8 scrolls of identify {unknown}
 f - a scroll of remove curse {unknown}
 g - 2 scrolls of amnesia {unknown}
 h - 3 scrolls of enchant armour {unknown}
 i - a scroll of teleportation {unknown}
 j - a scroll of noise {unknown}
 m - a scroll of immolation {unknown}
 p - a scroll of recharging {unknown}
 q - a scroll of fog {unknown}
Potions
 k - a potion of haste
 l - a potion of flight
 n - a potion of curing
 o - a potion of brilliance
Comestibles
 b - 2 bread rations
 c - a meat ration


   Skills:
 + Level 2.8 Fighting
 - Level 1.1 Throwing
 + Level 2.7 Dodging
 - Level 1.0 Stealth
 * Level 3.9 Unarmed Combat


You had 2 spell levels left.
You didn't know any spells.

Dungeon Overview and Level Annotations

Branches:
Dungeon (3/15)

Altars:


Innate Abilities, Weirdness & Mutations

You are too large for most types of armour.
You have claws for hands.
Your metabolism is lightning-fast.
You like to eat raw meat.
Your natural rate of healing is unusually fast.
You are covered in fur. (AC +1)
You have very tough skin. (AC +2)


Message History

The jackal bites you but does no damage.
The jackal closely misses you.
The jackal bites you but does no damage.
The jackal barely misses you.
You closely miss the jackal. The jackal barely misses you.
The orc priest casts a cantrip, but nothing happens.
The jackal barely misses you. The jackal bites you.
You scratch the jackal but do no damage.
The jackal barely misses you. The jackal bites you.
You scratch the jackal.
The jackal is lightly wounded.
The jackal bites you. x2; The jackal barely misses you.
You claw the jackal!
You kill the jackal!
The orc priest mumbles some strange prayers to Beogh against you.
Beogh smites you!
* * * LOW HITPOINT WARNING * * *
The orc priest mumbles some strange prayers to Beogh against you.
Beogh smites you!
You die...

.....# ##..# .....#
#####..##
.....#######.....##
.........#...#######.
.....##....#######...
#.#####.#.......#..###
#. #............
#.......##o#### .
#.......@†o...# #.#
#.......#ho...# .o.
####..#.#.o...# ..#
###.##.#.....##...#.#
#......#......†.....#
#....###........(..##
#.##.# #####..#)##.#
#.# .# ...#.# ..# .#
.#..# #


You could see 3 orc priests, an orc and a jackal.

Vanquished Creatures
  An adder (D:2)
  2 worms (D:2)
  2 dart slugs (D:1)
  3 giant cockroaches (D:1)
  4 goblins
  5 hobgoblins
  3 jackals (D:3)
  9 kobolds
  A quokka (D:2)
  A ball python (D:2)
  8 bats
  3 frilled lizards
  4 rats
46 creatures vanquished.

Notes
Turn   | Place    | Note
-------+----------+-------------------------------------------
     0 | D:1      | Monsterracer the Troll Monk began the quest for the Orb.
     0 | D:1      | Reached XP level 1. HP: 22/22 MP: 0/0
   150 | D:1      | Reached XP level 2. HP: 27/29 MP: 1/1
   685 | D:2      | Reached XP level 3. HP: 30/36 MP: 2/2
   799 | D:2      | Reached skill level 1 in Throwing
  1554 | D:3      | Killed from afar by an orc priest

Skill      XL: |  1  2  3 |
---------------+----------+-----
Throwing       | 1 |  1.1
Fighting       | |  2.8
Dodging        | |  2.7
Stealth        | |  1.0
Unarmed Combat | |  3.9

Action                   || total
-------------------------++-------
Melee: Unarmed           ||   112
       Punch             ||     2
  Use: Potion            ||     7
 Stab: Sleeping          ||     2
  Eat: Chunk             ||    16
Armor: Robe              ||    49
Dodge: Dodged            ||    48
